 Dungeon Crawl Stone Soup version 0.22-a0-570-g58866f5d57 (webtiles) character file.

18591 Kholdaimon the Thaumaturge (level 12, -17/94 HPs)
             Began as a Gnoll Skald on June 30, 2018.
             Was the Champion of Okawaru.
             Demolished by a stone giant (30 damage)
             ... on level 1 of the Orcish Mines.
             The game lasted 02:15:39 (13535 turns).

Kholdaimon the Thaumaturge (Gnoll Skald)           Turns: 13535, Time: 02:15:40

Health: -17/94     AC: 18    Str: 21    XL:     12   Next: 60%
Magic:  21/25      EV: 22    Int: 17    God:    Okawaru [******]
Gold:   662        SH:  6    Dex: 15    Spells: 20/29 levels left

rFire    . . .     SeeInvis .   m - +7 morningstar of the Lurker {crush, -Tele Str+4}
rCold    . . .     Gourm    .   H - +0 buckler
rNeg     . . .     Faith    +   Y - +0 acid dragon scales
rPois    .         Spirit   .   G - +2 helmet
rElec    .         Reflect  .   (no cloak)
rCorr    +         Harm     .   o - +2 pair of gloves
MR       +....     NoTele   +   L - +2 pair of boots of the Assassin {Detection Stab+ Stlth++}
Stlth    +++++.....             J - amulet of faith
HPRegen  0.25/turn              N - ring of protection from magic
MPRegen  0.19/turn              V - +5 ring of evasion

@: infused
A: distributed training, fangs 1, strong nose
a: Heroism, Finesse, Renounce Religion


You were on level 1 of the Orcish Mines.
You worshipped Okawaru.
Okawaru was exalted by your worship.
You were not hungry.

You visited 2 branches of the dungeon, and saw 12 of its levels.

You collected 662 gold pieces.

Inventory:

Hand Weapons
 h - the +1 triple crossbow of Ettilem {penet, rPois rC+ MR-}
   (Okawaru gifted it to you on level 10 of the Dungeon)

   Ammo fired by it will pass through the targets it hits, potentially hitting
   all targets in its path until it reaches maximum range.
   It protects you from cold.
   It protects you from poison.
   It affects your resistance to hostile enchantments.
 k - a +7 scimitar of flaming
 m - the +7 morningstar of the Lurker (weapon) {crush, -Tele Str+4}
   (Okawaru gifted it to you on level 9 of the Dungeon)

   It inflicts extra damage upon your enemies.
   It affects your strength (+4).
   It prevents most forms of teleportation.
 I - a +3 halberd
Missiles
 e - 50 poisoned needles
 t - 6 tomahawks (quivered)
 E - 131 bolts
Armour
 o - a +2 pair of gloves (worn)
 p - the +1 leather armour of Onajog {rF+ Str+2 Int+3}
   (You found it on level 8 of the Dungeon)

   It affects your strength (+2).
   It affects your intelligence (+3).
   It protects you from fire.
 G - a +2 helmet (worn)
 H - a +0 buckler (worn)
 L - the +2 pair of boots of the Assassin (worn) {Detection Stab+ Stlth++}
   (Okawaru gifted it to you on level 8 of the Dungeon)

   It makes you much more stealthy.
 Y - +0 acid dragon scales (worn)
Magical Staves
 X - an uncursed staff of wizardry
Jewellery
 c - a +2 ring of strength
 j - an uncursed ring of see invisible
 F - an uncursed ring of protection from cold
 J - an amulet of faith (around neck)
 N - a ring of protection from magic (left hand)
 O - an uncursed ring of protection from fire
 S - an uncursed ring of resist corrosion
 T - an uncursed ring of protection from cold
 V - a +5 ring of evasion (right hand)
 Z - an uncursed amulet of regeneration
Wands
 i - a wand of disintegration (15)
 x - a wand of enslavement (26)
 B - a wand of paralysis (11)
 M - a wand of clouds (6)
 Q - a wand of flame (27)
Scrolls
 n - 4 scrolls of teleportation
 r - 2 scrolls of remove curse
 s - 2 scrolls of enchant weapon
 u - a scroll of holy word
 w - a scroll of silence
 y - 2 scrolls of fog
 A - a scroll of identify
 C - 4 scrolls of blinking
 U - 2 scrolls of amnesia
 W - 2 scrolls of fear
Potions
 a - a potion of might
 b - a potion of cancellation
 l - 3 potions of curing
 q - 3 potions of mutation
 v - a potion of invisibility
 z - 2 potions of magic
 D - 2 potions of lignification
 K - 2 potions of resistance
 R - a potion of ambrosia
Comestibles
 d - 17 rations
 g - 13 chunks of flesh


   Skills:
 + Level 8.7 Fighting
 + Level 7.3 Short Blades
 + Level 8.7 Long Blades
 + Level 7.3 Axes
 + Level 7.3 Maces & Flails
 + Level 7.3 Polearms
 + Level 7.3 Staves
 + Level 7.3 Slings
 + Level 7.3 Bows
 + Level 7.3 Crossbows
 + Level 7.3 Throwing
 + Level 7.8 Armour
 + Level 8.7 Dodging
 + Level 7.3 Stealth
 + Level 7.3 Shields
 + Level 7.3 Unarmed Combat
 + Level 9.0 Spellcasting
 + Level 6.0 Conjurations
 + Level 6.0 Hexes
 + Level 8.3 Charms
 + Level 6.0 Summonings
 + Level 6.0 Necromancy
 + Level 6.0 Translocations
 + Level 6.0 Transmutations
 + Level 6.0 Fire Magic
 + Level 6.0 Ice Magic
 + Level 6.0 Air Magic
 + Level 6.0 Earth Magic
 + Level 6.0 Poison Magic
 + Level 8.0 Invocations
 + Level 7.3 Evocations


You had 20 spell levels left.
You knew the following spells:

 Your Spells              Type           Power        Failure   Level  Hunger
a - Infusion              Chrm           ####         1%          1    None
b - Shroud of Golubria    Chrm/Tloc      ####......   1%          2    None
c - Regeneration          Chrm/Necr      ####......   1%          3    None
d - Spectral Weapon       Hex/Chrm       ####....     1%          3    None

Your spell library contained the following spells:

 Spells                   Type           Power        Failure   Level  Hunger
 Apportation              Tloc           ####..       1%          1    None
 Summon Small Mammal      Summ           ####         1%          1    None
 Animate Dead             Necr           N/A          10%         4    ###....
 Pain                     Necr           ####         1%          1    None
 Animate Skeleton         Necr           N/A          1%          1    None
 Vampiric Draining        Necr           ####......   2%          3    None
 Confusing Touch          Hex            ####..       1%          1    None
 Song of Slaying          Chrm           #####...     1%          2    None


Dungeon Overview and Level Annotations

Branches:
Dungeon (11/15)            Temple (0/1) D:7            Lair (0/6) D:8
    Orc (1/2) D:11

Altars:
Ashenzari
Cheibriados
Hepliaklqana
Kikubaaqudgha
Makhleb
Okawaru
Ru
Uskayaw
Vehumet
Xom
Yredelemnul

Shops:
D:6 }


Innate Abilities, Weirdness & Mutations

Your experience applies equally to all skills.
You have very sharp teeth.
Your uncanny sense of smell can sniff out nearby items.


Message History

You thump the stone giant!
The stone giant is heavily wounded.
The stone giant closely misses you.
The two-headed ogre hits you with a giant spiked club!!
* * * LOW HITPOINT WARNING * * *
The two-headed ogre barely misses you. The stone giant completely misses you.
You block the two-headed ogre's attack.
The two-headed ogre completely misses you.
Your skin is crawling a little less now.
The two-headed ogre misses you.
The two-headed ogre hits you but does no damage.
You feel much better. The stone giant hits you!!
* * * LOW HITPOINT WARNING * * *
Found 27 gold pieces.
Your skin stops crawling.
The two-headed ogre completely misses you. x2
There is a staircase back to the Dungeon here.
The two-headed ogre closely misses you. You block the two-headed ogre's attack.
The stone giant hits you!!
You die...

###########
##....#....#.
#............
##..........#.
#....OC.......
##..(.@>.......
#..)†......#...
∆#.............$
.................#
.....#...........#
.....#.##..........
.....$. #..........
....... .....#..#.
.# ... .....##


You could see a stone giant and a two-headed ogre.

Vanquished Creatures
  Gastronok (D:8)
  Josephine (D:10)
  Fannar (D:9)
  A centaur warrior (D:11)
  Erica (D:10)
  3 two-headed ogres
  Nergalle (D:11)
  A deep elf mage (D:11)
  Psyche (D:8)
  Prince Ribbit (D:7)
  2 trolls
  A hippogriff (D:9)
  12 yaks
  A spriggan (D:8)
  3 wraiths
  A wyvern (D:8)
  4 hungry ghosts
  An acid dragon (D:7)
  A soldier ant (D:11)
  A warg (Orc:1)
  2 water moccasins
  4 orc warriors
  A black bear (D:11)
  An ice beast (D:9)
  A sky beast (D:6)
  10 ogres
  A necrophage (D:7)
  3 phantoms
  4 centaurs
  A hornet zombie (D:11)
  8 bullfrogs
  A gnoll sergeant (D:5)
  A water moccasin zombie (D:5)
  A wyvern skeleton (D:10)
  11 scorpions
  A jelly (D:10)
  A troll zombie (D:10)
  7 killer bees (D:11)
  5 wights (D:10)
  4 howler monkeys (D:11)
  2 electric eels (D:11)
  6 crimson imps
  A bullfrog zombie (D:10)
  4 gnoll shamans (D:5)
  7 hounds
  12 orc wizards
  2 centaur skeletons
  7 orc priests
  3 bullfrog skeletons
  5 human zombies (D:10)
  A human skeleton (D:10)
  3 iguanas
  15 worker ants
  A killer bee zombie (D:7)
  A hound zombie (D:8)
  2 worker ant zombies
  A mummy (D:10)
  13 adders
  38 gnolls
  6 shadow imps
  2 adder zombies
  An ooze (D:1)
  An adder skeleton (D:9)
  4 worms
  2 dart slugs
  7 leopard geckos
  34 orcs
  11 giant cockroaches
  9 goblins
  7 hobgoblins
  20 jackals
  3 quokkas
  A ball python skeleton (D:4)
  8 bats
  4 frilled lizards
  A jackal skeleton (D:9)
  A jackal zombie (D:2)
  8 kobolds
  A leopard gecko skeleton (D:4)
  A leopard gecko zombie (D:6)
  An orc zombie (D:10)
  5 rats
  A butterfly (D:11)
370 creatures vanquished.

Notes
Turn   | Place    | Note
-------+----------+-------------------------------------------
     0 | D:1      | Kholdaimon the Gnoll Skald began the quest for the Orb.
     0 | D:1      | Reached XP level 1. HP: 20/20 MP: 6/6
    92 | D:1      | Reached XP level 2. HP: 18/26 MP: 7/7
   399 | D:1      | Learned a level 2 spell: Shroud of Golubria
   479 | D:1      | Reached XP level 3. HP: 28/31 MP: 9/9
   610 | D:2      | Reached skill level 5 in Spellcasting
   829 | D:2      | Found an iron altar of Okawaru.
   877 | D:2      | Became a worshipper of Warmaster Okawaru
   911 | D:2      | Reached skill level 1 in Short Blades
   911 | D:2      | Reached skill level 1 in Axes
   911 | D:2      | Reached skill level 1 in Maces & Flails
   911 | D:2      | Reached skill level 1 in Polearms
   911 | D:2      | Reached skill level 1 in Staves
   911 | D:2      | Reached skill level 1 in Slings
   911 | D:2      | Reached skill level 1 in Bows
   911 | D:2      | Reached skill level 1 in Crossbows
   911 | D:2      | Reached skill level 1 in Throwing
   911 | D:2      | Reached skill level 1 in Stealth
   911 | D:2      | Reached skill level 1 in Shields
   911 | D:2      | Reached skill level 1 in Unarmed Combat
   911 | D:2      | Reached skill level 1 in Invocations
   911 | D:2      | Reached skill level 1 in Evocations
   911 | D:2      | Reached XP level 4. HP: 33/38 MP: 0/11
  1296 | D:2      | Reached skill level 1 in Conjurations
  1296 | D:2      | Reached skill level 1 in Hexes
  1296 | D:2      | Reached skill level 1 in Summonings
  1296 | D:2      | Reached skill level 1 in Necromancy
  1296 | D:2      | Reached skill level 1 in Translocations
  1296 | D:2      | Reached skill level 1 in Transmutations
  1296 | D:2      | Reached skill level 1 in Fire Magic
  1296 | D:2      | Reached skill level 1 in Ice Magic
  1296 | D:2      | Reached skill level 1 in Air Magic
  1296 | D:2      | Reached skill level 1 in Earth Magic
  1296 | D:2      | Reached skill level 1 in Poison Magic
  1296 | D:2      | Reached XP level 5. HP: 30/43 MP: 12/12
  1388 | D:2      | Learned a level 3 spell: Regeneration
  1395 | D:2      | Found a burning altar of Makhleb.
  1969 | D:3      | HP: 1/43 [gnoll (8)]
  1988 | D:2      | HP: 1/43 [gnoll (4)]
  2230 | D:3      | Found a radiant altar of Vehumet.
  2578 | D:3      | Reached XP level 6. HP: 41/50 MP: 7/13
  3245 | D:4      | Reached * piety under Okawaru
  3537 | D:4      | Found a snail-covered altar of Cheibriados.
  3540 | D:4      | Found a hazy altar of Hepliaklqana.
  3543 | D:4      | Found a shattered altar of Ashenzari.
  3546 | D:4      | Found a shimmering altar of Xom.
  3554 | D:4      | Reached skill level 5 in Fighting
  3554 | D:4      | Reached skill level 5 in Long Blades
  3554 | D:4      | Reached skill level 5 in Dodging
  3619 | D:4      | Noticed a phantom
  3658 | D:4      | Killed a phantom
  3700 | D:4      | Found a basalt altar of Yredelemnul.
  3883 | D:4      | Reached XP level 7. HP: 50/56 MP: 10/15
  4114 | D:4      | Found an ancient bone altar of Kikubaaqudgha.
  4461 | D:5      | Entered Level 5 of the Dungeon
  4628 | D:5      | Reached ** piety under Okawaru
  4846 | D:5      | Reached XP level 8. HP: 40/63 MP: 16/16
  5095 | D:5      | Reached skill level 6 in Spellcasting
  5145 | D:5      | Reached *** piety under Okawaru
  6510 | D:6      | Reached **** piety under Okawaru
  6510 | D:6      | Reached XP level 9. HP: 42/69 MP: 18/18
  7491 | D:6      | Found Ciycar's Gadget Shop.
  7548 | D:7      | Reached skill level 5 in Armour
  7648 | D:7      | Noticed Prince Ribbit
  7662 | D:7      | Killed Prince Ribbit
  7662 | D:7      | Reached ***** piety under Okawaru
  7874 | D:7      | Reached skill level 5 in Invocations
  8050 | D:7      | Received a gift from Okawaru
  8105 | D:7      | Found a staircase to the Ecumenical Temple.
  8232 | D:7      | Reached XP level 10. HP: 28/77 MP: 20/20
  8494 | D:7      | Reached skill level 7 in Spellcasting
  8968 | D:8      | Found a staircase to the Lair.
  8972 | D:8      | Noticed a two-headed ogre
  8988 | D:8      | Killed a two-headed ogre
  8988 | D:8      | Received a gift from Okawaru
  8988 | D:8      | Reached skill level 5 in Short Blades
  8988 | D:8      | Reached skill level 5 in Axes
  8988 | D:8      | Reached skill level 5 in Maces & Flails
  8988 | D:8      | Reached skill level 5 in Polearms
  8988 | D:8      | Reached skill level 5 in Staves
  8988 | D:8      | Reached skill level 5 in Slings
  8988 | D:8      | Reached skill level 5 in Bows
  8988 | D:8      | Reached skill level 5 in Crossbows
  8988 | D:8      | Reached skill level 5 in Throwing
  8988 | D:8      | Reached skill level 5 in Stealth
  8988 | D:8      | Reached skill level 5 in Shields
  8988 | D:8      | Reached skill level 5 in Unarmed Combat
  8988 | D:8      | Reached skill level 5 in Evocations
  8989 | D:8      | Found the +2 pair of boots of the Assassin {Detection Stab+ Stlth++}
  8993 | D:8      | Got a dazzling leather armour
  9041 | D:8      | Identified the +1 leather armour of Onajog {rF+ Str+2 Int+3} (You found it on level 8 of the Dungeon)
  9146 | D:8      | Noticed Gastronok
  9169 | D:8      | Killed Gastronok
  9316 | D:8      | Found a hide-covered altar of Uskayaw.
  9331 | D:8      | Reached XP level 11. HP: 74/84 MP: 12/22
  9541 | D:8      | Noticed Psyche
  9550 | D:8      | Killed Psyche
  9652 | D:8      | Found a sacrificial altar of Ru.
 10208 | D:9      | Received a gift from Okawaru
 10248 | D:9      | Reached ****** piety under Okawaru
 10267 | D:9      | Reached skill level 5 in Conjurations
 10267 | D:9      | Reached skill level 5 in Hexes
 10267 | D:9      | Reached skill level 5 in Summonings
 10267 | D:9      | Reached skill level 5 in Necromancy
 10267 | D:9      | Reached skill level 5 in Translocations
 10267 | D:9      | Reached skill level 5 in Transmutations
 10267 | D:9      | Reached skill level 5 in Fire Magic
 10267 | D:9      | Reached skill level 5 in Ice Magic
 10267 | D:9      | Reached skill level 5 in Air Magic
 10267 | D:9      | Reached skill level 5 in Earth Magic
 10267 | D:9      | Reached skill level 5 in Poison Magic
 10308 | D:9      | Got a slimy morningstar {god gift}
 10309 | D:9      | Identified the +7 morningstar of the Lurker {crush, -Tele Str+4} (Okawaru gifted it to you on level 9 of the Dungeon)
 10507 | D:9      | Reached skill level 8 in Spellcasting
 10895 | D:10     | Entered Level 10 of the Dungeon
 11023 | D:10     | Noticed Josephine
 11041 | D:10     | Killed Josephine
 11041 | D:10     | Received a gift from Okawaru
 11063 | D:10     | Noticed Erica
 11325 | D:10     | Noticed Fannar
 11362 | D:9      | Killed Fannar
 11362 | D:9      | Received a gift from Okawaru
 11410 | D:10     | Killed Erica
 11731 | D:10     | Noticed a two-headed ogre
 11737 | D:10     | Killed a two-headed ogre
 11737 | D:10     | Reached XP level 12. HP: 93/93 MP: 24/24
 11882 | D:10     | Received a gift from Okawaru
 11886 | D:10     | Got an ebony triple crossbow {god gift}
 11892 | D:10     | Identified the +1 triple crossbow of Ettilem {penet, rPois rC+ MR-} (Okawaru gifted it to you on level 10 of the Dungeon)
 11901 | D:10     | Found an ancient bone altar of Kikubaaqudgha.
 12121 | D:10     | You fall through a shaft!
 12128 | D:11     | Noticed a centaur warrior
 12141 | D:11     | Killed a centaur warrior
 12626 | D:10     | Learned a level 3 spell: Spectral Weapon
 12731 | D:11     | Noticed a two-headed ogre
 12742 | D:11     | Killed a two-headed ogre
 12966 | D:11     | Noticed Nergalle
 12972 | D:11     | Killed Nergalle
 13027 | D:11     | Found a runed door.
 13043 | D:11     | Found a runed door.
 13336 | D:11     | Received a gift from Okawaru
 13337 | D:11     | Found a staircase to the Orcish Mines.
 13512 | Orc:1    | Entered Level 1 of the Orcish Mines
 13512 | Orc:1    | Noticed a stone giant
 13518 | Orc:1    | Noticed a two-headed ogre
 13521 | Orc:1    | Reached skill level 9 in Spellcasting
 13535 | Orc:1    | Demolished by a stone giant

Vault maps used:
D:1:      saegor_arrival_simple_a, minmay_misc_feat_enclosed,
          corexii_item_surrounded_by_moat
D:2:      kennysheep_okawaru_gauntlet, makhleb_blood_cavern_becter
D:3:      vehumet_crystals, first_ration, serial_bayou_lagoon_a
D:4:      kennysheep_little_box, kiku_gazebo_pond_becter,
          grunt_temple_overflow_cloverleaf, serial_forest,
          infiniplex_forest_clump_tiny, infiniplex_forest_lined_room_3,
          infiniplex_forest_straight_2, infiniplex_forest_clump_curved,
          infiniplex_forest_clump_tiny, infiniplex_forest_lined_3
D:5:      lemuel_castle_with_subvaults, corexii_corridor_pit,
          kennysheep_windowed_goal
D:6:      serial_shops, kennysheep_mini
D:7:      minmay_temple_entry_enclosed_plants, uniq_prince_ribbit1
D:8:      lemuel_doored_altar, lair_entry_dummy, the_bakery,
          nicolae_ru_path_of_blood, uniq_psyche, uniq_gastronok
D:10:     enter_bailey_1, lemuel_mausoleum_altar_kikubaaqudgha, uniq_erica,
          uniq_josephine, uniq_fannar
D:11:     lemuel_insect_pit, orc_0_dummy, disabler_island, uniq_nergalle
Orc:1:    ebering_ghost_inner_flame, serial_shops, nicolae_shop_window_shopping,
          shop, shop, shop, minmay_orc_temple_b

Skill      XL: |  1  2  3  4  5  6  7  8  9 10 11 12 |
---------------+-------------------------------------+-----
Spellcasting   | 5 6 7 8 9 |  9.0
Short Blades   | 1 2 3 4 5 6 7 |  7.3
Axes           | 1 2 3 4 5 6 7 |  7.3
Maces & Flails | 1 2 3 4 5 6 7 |  7.3
Polearms       | 1 2 3 4 5 6 7 |  7.3
Staves         | 1 2 3 4 5 6 7 |  7.3
Slings         | 1 2 3 4 5 6 7 |  7.3
Bows           | 1 2 3 4 5 6 7 |  7.3
Crossbows      | 1 2 3 4 5 6 7 |  7.3
Throwing       | 1 2 3 4 5 6 7 |  7.3
Stealth        | 1 2 3 4 5 6 7 |  7.3
Shields        | 1 2 3 4 5 6 7 |  7.3
Unarmed Combat | 1 2 3 4 5 6 7 |  7.3
Invocations    | 1 2 3 4 5 6 7 8 |  8.0
Evocations     | 1 2 3 4 5 6 7 |  7.3
Conjurations   | 1 2 3 4 5 6 |  6.0
Hexes          | 1 2 3 4 5 6 |  6.0
Summonings     | 1 2 3 4 5 6 |  6.0
Necromancy     | 1 2 3 4 5 6 |  6.0
Translocations | 1 2 3 4 5 6 |  6.0
Transmutations | 1 2 3 4 5 6 |  6.0
Fire Magic     | 1 2 3 4 5 6 |  6.0
Ice Magic      | 1 2 3 4 5 6 |  6.0
Air Magic      | 1 2 3 4 5 6 |  6.0
Earth Magic    | 1 2 3 4 5 6 |  6.0
Poison Magic   | 1 2 3 4 5 6 |  6.0
Armour         | 3 4 5 6 7 |  7.8
Fighting       | 5 6 7 8 |  8.7
Long Blades    | 5 6 7 8 |  8.7
Dodging        | 5 6 7 8 |  8.7
Charms         | 6 7 8 |  8.3

Action                   |  1- 3 |  4- 6 |  7- 9 | 10-12 || total
-------------------------+-------+-------+-------+-------++-------
Melee: Falchion          |    82 |   162 |       |       ||   244
       Bite              |     5 |    24 |    61 |    60 ||   150
       Punch             |     1 |     1 |     1 |       ||     3
       Spear             |       |    41 |   558 |   310 ||   909
       Morningstar       |       |       |       |   315 ||   315
       Halberd           |       |       |       |     7 ||     7
 Fire: Triple crossbow   |       |       |       |     5 ||     5
Throw: Stone             |    12 |    46 |   132 |    15 ||   205
       Tomahawk          |       |     3 |    48 |    31 ||    82
 Cast: Infusion          |     3 |     4 |     8 |    13 ||    28
       Shroud of Golubri |     2 |     9 |    12 |    14 ||    37
       Regeneration      |       |    10 |    15 |    15 ||    40
  Use: Scroll            |       |     6 |     9 |    12 ||    27
       Potion            |       |       |     1 |     4 ||     5
 Stab: Sleeping          |     2 |     5 |     4 |    38 ||    49
       Distracted        |       |       |       |     2 ||     2
  Eat: Chunk             |       |     9 |    14 |    16 ||    39
       Ration            |       |     1 |       |     2 ||     3
Armor: Leather armour    |    25 |    38 |    57 |    17 ||   137
       Acid dragon scale |       |       |     4 |   108 ||   112
Dodge: Dodged            |    70 |   169 |   271 |   595 ||  1105
Block: Buckler           |       |       |    95 |   179 ||   274
       Rpst.: Falchion   |    22 |    42 |       |       ||    64

Table legend:
 A = Spawn XP
 B = Non-spawn XP
 C = Spawn XP percentage of total XP
 D = Spawn monster count
 E = Non-spawn monster count
 F = Spawn count percentage of total count
 G = Total turns spent on level
                    A         B        C        D         E        F      G
               +---------+---------+-------+---------+---------+-------+---------
         Total |       0 |   26559 |   0.0 |       0 |     369 |   0.0 | 13535
               +---------+---------+-------+---------+---------+-------+---------
           D:1 |       0 |      34 |   0.0 |       0 |      17 |   0.0 |   600
           D:2 |       0 |     150 |   0.0 |       0 |      29 |   0.0 |  1295
           D:3 |       0 |     194 |   0.0 |       0 |      20 |   0.0 |  1376
           D:4 |       0 |     388 |   0.0 |       0 |      18 |   0.0 |  1190
           D:5 |       0 |    1138 |   0.0 |       0 |      62 |   0.0 |  1795
           D:6 |       0 |    1401 |   0.0 |       0 |      37 |   0.0 |  1284
           D:7 |       0 |    1710 |   0.0 |       0 |      27 |   0.0 |  1316
           D:8 |       0 |    5116 |   0.0 |       0 |      22 |   0.0 |   945
           D:9 |       0 |    3483 |   0.0 |       0 |      29 |   0.0 |  1431
          D:10 |       0 |    6131 |   0.0 |       0 |      52 |   0.0 |  1316
          D:11 |       0 |    6538 |   0.0 |       0 |      54 |   0.0 |   964
         Orc:1 |       0 |     276 |   0.0 |       0 |       2 |   0.0 |    23
               +---------+---------+-------+---------+---------+-------+---------
